 Dungeon Crawl Stone Soup version 0.27-a0-385-g3208abaabc (webtiles) character file.

Game seed: 17067116315469058356

36 SevenDeadlySins the Grasshopper (level 3, -2/22 HPs)
             Began as a Gargoyle Warper on Feb 20, 2021.
             Slain by an adder (4 damage)
             ... on level 2 of the Dungeon.
             The game lasted 00:01:13 (1388 turns).

SevenDeadlySins the Grasshopper (Gargoyle Warper)   Turns: 1388, Time: 00:01:14

Health: -2/22      AC:  6    Str: 15    XL:     3   Next: 37%
Magic:  6/6        EV: 11    Int: 13    God:
Gold:   13         SH:  0    Dex:  9    Spells: 6/6 levels left

rFire    . . .     SeeInvis .   a - +0 mace
rCold    . . .     Faith    .   (no shield)
rNeg     + . .     Spirit   .   b - +0 leather armour
rPois    ∞         Reflect  .   (no helmet)
rElec    +         Harm     .   (no cloak)
rCorr    .         Rampage  .   (no gloves)
Will     .....                  (no boots)
Stlth    +.........             (no amulet)
HPRegen  0.07/turn              (no ring)
MPRegen  0.10/turn              (no ring)

@: no status effects
A: negative energy resistance 1, electricity resistance, unbreathing,
petrification resistance, miasma immunity, AC +3
a: no special abilities


You were on level 2 of the Dungeon.
You visited 1 branch of the dungeon, and saw 2 of its levels.

You collected 13 gold pieces.


Innate Abilities, Weirdness & Mutations

You are resistant to torment.
Your stone body is resilient. (AC +3)
You are immune to poison.
You resist negative energy. (rN+)
You are resistant to electric shocks. (rElec)
You can survive without breathing.
You are immune to petrification.
You are immune to miasma.


   Skills:
 + Level 2.6 Fighting
 * Level 2.7 Maces & Flails
 - Level 0.8 Throwing
 - Level 1.1 Armour
 - Level 1.5 Dodging
 + Level 2.3 Spellcasting
 + Level 3.0 Translocations


You had 6 spell levels left.
You didn't know any spells.
Your spell library contained the following spells:

 Spells                   Type           Power        Failure   Level
 Blink                    Tloc           N/A          13%         2
 Gell's Gravitas          Tloc           4%           26%         3
 Lesser Beckoning         Tloc           4%           26%         3
 Teleport Other           Tloc           9%           26%         3
 Manifold Assault         Tloc           9%           65%         4

Inventory:

Hand Weapons
 a - a +0 mace (weapon)
Missiles
 e - 5 boomerangs of dispersal (quivered) {=f}
 k - 6 poisoned darts
Armour
 b - a +0 leather armour (worn)
Scrolls
 d - a scroll of blinking
 f - 3 scrolls of amnesia {unknown}
 g - a scroll of identify {unknown}
 h - a scroll of fear {unknown}
 j - a scroll of fog {unknown}
Potions
 c - a potion of might {unknown}
 i - 2 potions of curing {unknown}
 l - a potion of heal wounds {unknown}

Dungeon Overview and Level Annotations

Branches:
Dungeon (2/15)

Altars:

▓...#.#.#..........#
......#....###.#...#
.....####.# #.....#
......####.####....#
#.#................####
.......................
..<.....#.#...........
##......#.#####..####.#
#......#.# #@K.###.#
#......#.# ###S#....(#
#......#.# #..g....#.#
#......#.# #...##.##
#......#####...##..#
#.........(......# #
#................#
#######..........#
#..........#


You could see an adder, a goblin and a kobold.


Message History

The adder closely misses you. The kobold misses you.
The kobold closely misses you. The adder bites you.
* * * LOW HITPOINT WARNING * * *
Found 19 stones.
The adder closely misses you.
You closely miss the adder.
The adder is moderately wounded.
The adder closely misses you. The adder barely misses you.
You miss the adder.
The adder is moderately wounded.
The adder closely misses you. The kobold barely misses you.
You hit the adder.
The adder is heavily wounded.
The adder bites you but does no damage. The adder bites you.
* * * LOW HITPOINT WARNING * * *
The kobold barely misses you.
You hit the adder.
The adder is almost dead.
The adder closely misses you. The kobold closely misses you.
The adder closely misses you.
You closely miss the adder.
The adder is almost dead.
The kobold hits you.
* * * LOW HITPOINT WARNING * * *
The adder barely misses you. The kobold closely misses you.
You miss the adder.
The adder is almost dead.
The adder bites you.
You die...

Skill      XL: |  1  2  3 |
---------------+----------+-----
Translocations | 3 |  3.0
Fighting       | |  2.6
Maces & Flails | |  2.7
Throwing       | |  0.8
Armour         | |  1.1
Dodging        | |  1.5
Spellcasting   | |  2.3

Action                   || total
-------------------------++-------
Melee: Mace              ||   116
Armor: Leather armour    ||    80
Dodge: Dodged            ||   148

Levels and vault maps discovered:
D:1:      amcnicky_arrival_flooded_fountain, layout_basic,
          hangedman_decor_opposing
D:2:      layout_basic, okawaru_metal_pillars_3, nrook_mini_vaults,
          elyvilon_altar_1

Notes
Turn   | Place    | Note
-------+----------+-------------------------------------------
     0 | D:1      | SevenDeadlySins the Gargoyle Warper began the quest for the
                  | Orb.
     0 | D:1      | Reached XP level 1. HP: 12/12 MP: 3/3
   219 | D:1      | Reached XP level 2. HP: 13/18 MP: 5/5
   959 | D:1      | Reached XP level 3. HP: 22/22 MP: 6/6
  1293 | D:1      | Reached skill level 3 in Translocations
  1387 | D:2      | HP: 1/22 [kobold (3)]
  1388 | D:2      | Slain by an adder

Vanquished Creatures
  An ooze (D:1)
  A leopard gecko (D:2)
  A giant cockroach (D:1)
  5 hobgoblins
  4 jackals
  3 bats (D:1)
  3 frilled lizards (D:1)
  4 goblins (D:1)
  5 kobolds (D:1)
  2 rats (D:1)
29 creatures vanquished.

Table legend: (Time is in decaauts)
 A = Elapsed time spent in this place.
 B = Non-inter-level travel time spent in this place.
 C = Inter-level travel time spent in this place.
 D = Time resting spent in this place.
 E = Time spent auto-exploring this place.
 F = Levels seen in this place.
 G = Mean time per level.
                   A        B        C        D        E       F      G
               +--------+--------+--------+--------+--------+-----+--------+
         Total |   1421 |   1387 |     34 |    449 |    700 |   2 |  710.5 |
       Dungeon |   1421 |   1387 |     34 |    449 |    700 |   2 |  710.5 |
               +--------+--------+--------+--------+--------+-----+--------+

Top non-repeatable levels by time:
     D:1: 1320 daAuts
     D:2: 100 daAuts

Table legend:
 A = Non-vault XP
 B = Vault XP
 C = Vault XP percentage of total XP
 D = Non-vault monster count
 E = Vault monster count
 F = Vault count percentage of total count
                 A         B        C        D         E       F
            +---------+---------+-------+---------+---------+-------
      Total |      52 |       0 |   0.0 |      29 |       0 |   0.0
            +---------+---------+-------+---------+---------+-------
        D:1 |      43 |       0 |   0.0 |      25 |       0 |   0.0
        D:2 |       9 |       0 |   0.0 |       4 |       0 |   0.0
            +---------+---------+-------+---------+---------+-------
